[ AOE2 MATCH · #482399752 ]
UnrankedSicilians vs Wei
[ REPLAY ANALYSIS · EXTRACTED FROM THE RECORDED GAME ]
Feudal
15:04
Castle
—
Imperial
—
| APM avg | 19.3 |
| APM peak | 53 |
| eAPM avg | 11.9 |
| Villagers / military | 55 / 0 |
Focus
⚔️ 22.3% · 🌾 77.7%
Feudal
14:34
Castle
18:41
Imperial
—
| APM avg | 53.5 |
| APM peak | 103 |
| eAPM avg | 39.7 |
| Villagers / military | 125 / 0 |
Focus
⚔️ 31.9% · 🌾 68.1%
Unknown (1949) ×24 · Fishing Ship ×14
Feudal
13:30
Castle
17:25
Imperial
—
| APM avg | 27.6 |
| APM peak | 52 |
| eAPM avg | 13.6 |
| Villagers / military | 79 / 26 |
Focus
⚔️ 19.5% · 🌾 80.5%
Knight ×14 · Camel Archer ×8 · Camel Scout ×4 · Fishing Ship ×4
Feudal
15:14
Castle
19:00
Imperial
—
| APM avg | 27.0 |
| APM peak | 53 |
| eAPM avg | 16.8 |
| Villagers / military | 123 / 12 |
Focus
⚔️ 13.2% · 🌾 86.8%
Fishing Ship ×11 · War Wagon ×10 · Fire Galley ×2 · Unknown (2626) ×2
Feudal
13:55
Castle
20:17
Imperial
—
| APM avg | 22.4 |
| APM peak | 70 |
| eAPM avg | 11.2 |
| Villagers / military | 52 / 36 |
Focus
⚔️ 22.9% · 🌾 77.1%
Archer ×24 · War Wagon ×9 · Fishing Ship ×8 · Battering Ram ×3 · Unknown (2626) ×1
Feudal
12:36
Castle
17:48
Imperial
—
| APM avg | 45.8 |
| APM peak | 97 |
| eAPM avg | 23.6 |
| Villagers / military | 62 / 45 |
Focus
⚔️ 33.4% · 🌾 66.6%
Skirmisher ×24 · Archer ×21 · Fishing Ship ×19
Feudal
15:33
Castle
19:36
Imperial
—
| APM avg | 16.9 |
| APM peak | 62 |
| eAPM avg | 8.0 |
| Villagers / military | 32 / 0 |
Focus
⚔️ 4.1% · 🌾 95.9%
Fishing Ship ×3
Feudal
13:46
Castle
17:48
Imperial
—
| APM avg | 18.1 |
| APM peak | 63 |
| eAPM avg | 11.6 |
| Villagers / military | 59 / 7 |
Focus
⚔️ 16.2% · 🌾 83.8%
Fishing Ship ×11 · Battering Ram ×3 · Genoese Crossbowman ×3 · Mangonel ×1
Match map
Initial resources + every placement click. Lines = walls · curves = elevation contours. ◆ gold · ⬟ stone · ● berries · ✦ relic · ◌ wall gap
Your base· Open — unwalled flank
RagnarLothbrok's base· Open — 10t gap
HappyHalb's base· Open — unwalled flank
SuperNoob's base· Open — unwalled flank
[DSbZ]Querkraft's base· Open — 8t gap
zzzzzz's base· Open — 12t gap
F5B's base· Open — 13t gap
NEO's base· Open — unwalled flank
Smoothed initial terrain · ◌ = detected wall gap · hover for details
Inputs per minute
— rikardo_latino - - RagnarLothbrok
Build order — rikardo_latino
84 actions detected in the replay
| 0:14 | Build | Town Center |
| 2:48 | Research | Loom |
| 2:49 | Create | Villager (Male) |
| 2:49 | Create | Villager (Male) |
| 2:50 | Create | Villager (Male) |
| 2:50 | Create | Villager (Male) |
| 2:50 | Create | Villager (Male) |
| 3:04 | Build | House |
| 3:22 | Build | House |
| 3:32 | Build | House |
| 3:35 | Build | House |
| 4:36 | Create | Villager (Male) |
| 4:36 | Create | Villager (Male) |
| 5:15 | Create | Villager (Male) |
| 5:38 | Create | Villager (Male) |
| 5:50 | Create | Villager (Male) |
| 6:12 | Create | Villager (Male) |
| 6:35 | Create | Villager (Male) |
| 6:36 | Create | Villager (Male) |
| 6:40 | Build | House |
| 6:56 | Create | Villager (Male) |
| 6:56 | Create | Villager (Male) |
| 7:33 | Build | Lumber Camp |
| 7:40 | Create | Villager (Male) |
| 7:40 | Create | Villager (Male) |
| 8:19 | Create | Villager (Male) |
| 9:00 | Build | House |
| 9:26 | Create | Villager (Male) |
| 9:26 | Create | Villager (Male) |
| 9:27 | Create | Villager (Male) |
| 9:49 | Build | Mining Camp |
| 9:52 | Create | Villager (Male) |
| 9:52 | Create | Villager (Male) |
| 10:19 | Create | Villager (Male) |
| 10:19 | Create | Villager (Male) |
| 10:54 | Build | Mill |
| 10:59 | Create | Villager (Male) |
| 11:00 | Create | Villager (Male) |
| 11:34 | Create | Villager (Male) |
| 11:48 | Build | House |
| 12:54 | Research | Feudal Age |
| 15:04 | Age | Feudal Age |
| 15:05 | Create | Villager (Male) |
| 15:05 | Create | Villager (Male) |
| 15:24 | Build | Town Center |
| 15:28 | Build | Blacksmith |
| 15:34 | Build | Town Center |
| 15:41 | Build | Town Center |
| 16:13 | Build | Town Center |
| 16:29 | Research | Fletching |
| 16:55 | Create | Villager (Male) |
| 16:56 | Create | Villager (Male) |
| 16:56 | Create | Villager (Male) |
| 16:56 | Create | Villager (Male) |
| 16:57 | Create | Villager (Male) |
| 17:06 | Build | Donjon |
| 17:27 | Create | Villager (Male) |
| 17:27 | Create | Villager (Male) |
| 17:30 | Build | House |
| 17:31 | Build | House |
| 17:59 | Build | Town Center |
| 18:33 | Create | Villager (Male) |
| 18:33 | Create | Villager (Male) |
| 19:17 | Build | Donjon |
| 19:20 | Create | Villager (Male) |
| 19:21 | Create | Villager (Male) |
| 19:43 | Create | Villager (Male) |
| 19:44 | Create | Villager (Male) |
| 20:56 | Create | Villager (Male) |
| 20:56 | Create | Villager (Male) |
| 20:57 | Create | Villager (Male) |
| 20:57 | Create | Villager (Male) |
| 21:34 | Research | Double-Bit Axe |
| 22:15 | Build | Mill |
| 23:38 | Build | Donjon |
| 23:52 | Create | Villager (Male) |
| 23:52 | Create | Villager (Male) |
| 23:53 | Create | Villager (Male) |
| 25:09 | Create | Villager (Male) |
| 25:09 | Create | Villager (Male) |
| 25:40 | Build | Donjon |
| 26:01 | Create | Villager (Male) |
| 26:01 | Create | Villager (Male) |
| 26:01 | Create | Villager (Male) |
Build order — RagnarLothbrok
First 150 of 279 actions detected
| 0:10 | Build | Town Center |
| 0:53 | Build | Dock |
| 1:07 | Build | House |
| 2:32 | Create | Villager (Male) |
| 2:32 | Create | Villager (Male) |
| 2:33 | Create | Villager (Male) |
| 2:33 | Create | Villager (Male) |
| 2:33 | Create | Villager (Male) |
| 3:09 | Research | Loom |
| 3:09 | Create | Villager (Male) |
| 3:10 | Create | Villager (Male) |
| 3:10 | Create | Villager (Male) |
| 3:11 | Create | Villager (Male) |
| 3:18 | Build | Palisade Wall |
| 3:30 | Build | Palisade Wall |
| 3:33 | Build | Palisade Wall |
| 3:37 | Build | Palisade Wall |
| 3:55 | Build | Palisade Wall |
| 3:59 | Build | Palisade Wall |
| 4:03 | Create | Villager (Male) |
| 4:04 | Create | Villager (Male) |
| 4:12 | Build | Palisade Wall |
| 4:31 | Research | Loom |
| 4:44 | Create | Fishing Ship |
| 4:50 | Build | House |
| 4:54 | Build | House |
| 5:16 | Create | Fishing Ship |
| 5:17 | Create | Fishing Ship |
| 5:44 | Create | Villager (Male) |
| 5:44 | Create | Villager (Male) |
| 6:00 | Create | Villager (Male) |
| 6:23 | Create | Villager (Male) |
| 6:23 | Create | Villager (Male) |
| 6:28 | Create | Fishing Ship |
| 6:29 | Create | Fishing Ship |
| 6:35 | Create | Villager (Male) |
| 6:56 | Build | House |
| 6:56 | Create | Villager (Male) |
| 7:19 | Create | Villager (Male) |
| 7:56 | Create | Villager (Male) |
| 8:02 | Build | House |
| 8:06 | Create | Villager (Male) |
| 8:06 | Create | Villager (Male) |
| 8:07 | Create | Villager (Male) |
| 8:07 | Create | Villager (Male) |
| 8:13 | Create | Fishing Ship |
| 8:42 | Create | Villager (Male) |
| 8:43 | Create | Villager (Male) |
| 8:43 | Create | Villager (Male) |
| 8:46 | Build | House |
| 9:05 | Build | House |
| 9:12 | Create | Villager (Male) |
| 9:13 | Create | Fishing Ship |
| 9:33 | Build | House |
| 9:35 | Create | Villager (Male) |
| 9:39 | Create | Villager (Male) |
| 9:45 | Create | Villager (Male) |
| 10:01 | Build | Mining Camp |
| 10:21 | Build | House |
| 10:56 | Build | Dock |
| 11:16 | Create | Fishing Ship |
| 11:30 | Research | Feudal Age |
| 11:41 | Create | Villager (Male) |
| 11:54 | Create | Fishing Ship |
| 11:55 | Create | Fishing Ship |
| 11:55 | Create | Fishing Ship |
| 12:19 | Build | Mill |
| 12:33 | Create | Fishing Ship |
| 12:33 | Create | Fishing Ship |
| 12:33 | Create | Fishing Ship |
| 12:40 | Build | House |
| 13:22 | Build | Lumber Camp |
| 14:34 | Create | Villager (Male) |
| 14:34 | Age | Feudal Age |
| 14:41 | Build | Market |
| 14:45 | Create | Villager (Male) |
| 14:48 | Research | Double-Bit Axe |
| 14:49 | Research | Horse Collar |
| 14:58 | Build | Blacksmith |
| 15:00 | Build | Palisade Wall |
| 15:23 | Research | Double-Bit Axe |
| 15:24 | Research | Double-Bit Axe |
| 15:36 | Create | Villager (Male) |
| 15:54 | Research | Castle Age |
| 16:03 | Build | House |
| 16:05 | Build | Palisade Wall |
| 16:11 | Build | House |
| 16:13 | Create | Villager (Male) |
| 16:21 | Build | Palisade Wall |
| 16:28 | Build | House |
| 16:30 | Build | House |
| 16:30 | Create | Villager (Male) |
| 16:34 | Research | Horse Collar |
| 17:08 | Research | Stone Mining |
| 17:34 | Research | Town Watch |
| 17:38 | Create | Villager (Male) |
| 18:41 | Age | Castle Age |
| 18:43 | Build | Town Center |
| 18:44 | Research | Bow Saw |
| 18:45 | Research | Heavy Plow |
| 18:52 | Build | Town Center |
| 18:53 | Create | Villager (Male) |
| 18:58 | Create | Villager (Male) |
| 19:12 | Create | Villager (Male) |
| 19:32 | Create | Villager (Male) |
| 19:39 | Build | House |
| 19:46 | Build | Farm |
| 19:49 | Build | Farm |
| 19:51 | Build | Farm |
| 19:54 | Build | Farm |
| 19:56 | Build | Farm |
| 20:00 | Build | Farm |
| 20:04 | Create | Villager (Male) |
| 20:20 | Build | House |
| 20:20 | Create | Villager (Male) |
| 20:21 | Create | Villager (Male) |
| 20:21 | Create | Villager (Male) |
| 20:21 | Create | Villager (Male) |
| 20:32 | Build | Castle |
| 20:41 | Create | Villager (Male) |
| 20:44 | Create | Villager (Male) |
| 20:45 | Create | Villager (Male) |
| 20:50 | Build | Farm |
| 20:53 | Build | Farm |
| 20:56 | Build | Farm |
| 20:58 | Build | Farm |
| 21:00 | Build | Farm |
| 21:01 | Create | Villager (Male) |
| 21:02 | Create | Villager (Male) |
| 21:02 | Create | Villager (Male) |
| 21:02 | Create | Villager (Male) |
| 21:05 | Build | House |
| 21:06 | Create | Villager (Male) |
| 21:06 | Create | Villager (Male) |
| 21:06 | Create | Villager (Male) |
| 21:16 | Create | Villager (Male) |
| 21:16 | Create | Villager (Male) |
| 21:25 | Build | Farm |
| 21:28 | Build | Farm |
| 21:35 | Create | Villager (Male) |
| 21:36 | Create | Villager (Male) |
| 21:40 | Build | House |
| 21:57 | Create | Villager (Male) |
| 21:57 | Create | Villager (Male) |
| 21:57 | Create | Villager (Male) |
| 21:57 | Create | Villager (Male) |
| 22:01 | Build | Farm |
| 22:03 | Build | Farm |
| 22:05 | Build | Farm |
| 22:06 | Create | Unit 1949 |
Build order — HappyHalb
First 150 of 204 actions detected
| 0:04 | Build | Town Center |
| 2:09 | Build | House |
| 2:16 | Build | Dock |
| 2:28 | Create | Villager (Male) |
| 2:28 | Create | Villager (Male) |
| 2:28 | Create | Villager (Male) |
| 2:29 | Create | Villager (Male) |
| 2:29 | Create | Villager (Male) |
| 3:39 | Build | House |
| 3:52 | Build | House |
| 4:15 | Research | Loom |
| 4:21 | Create | Fishing Ship |
| 4:35 | Create | Villager (Male) |
| 4:35 | Create | Villager (Male) |
| 4:50 | Build | House |
| 4:53 | Create | Villager (Male) |
| 5:17 | Create | Villager (Male) |
| 5:17 | Create | Villager (Male) |
| 5:36 | Create | Villager (Male) |
| 5:59 | Create | Villager (Male) |
| 5:59 | Create | Villager (Male) |
| 6:25 | Create | Villager (Male) |
| 6:28 | Build | House |
| 6:36 | Create | Fishing Ship |
| 6:59 | Create | Villager (Male) |
| 7:32 | Create | Villager (Male) |
| 7:32 | Create | Villager (Male) |
| 7:32 | Create | Villager (Male) |
| 7:39 | Create | Fishing Ship |
| 7:47 | Build | House |
| 7:58 | Create | Villager (Male) |
| 7:58 | Create | Villager (Male) |
| 7:58 | Create | Villager (Male) |
| 8:09 | Create | Fishing Ship |
| 8:47 | Create | Villager (Male) |
| 8:47 | Create | Villager (Male) |
| 8:47 | Create | Villager (Male) |
| 8:47 | Create | Villager (Male) |
| 9:18 | Build | Mill |
| 9:42 | Create | Villager (Male) |
| 9:42 | Create | Villager (Male) |
| 9:47 | Build | House |
| 10:17 | Build | Mining Camp |
| 11:06 | Research | Feudal Age |
| 12:15 | Build | House |
| 12:28 | Build | House |
| 13:28 | Create | Villager (Male) |
| 13:28 | Create | Villager (Male) |
| 13:30 | Age | Feudal Age |
| 13:43 | Build | Market |
| 13:48 | Build | Blacksmith |
| 14:01 | Build | Mining Camp |
| 14:19 | Create | Villager (Male) |
| 14:26 | Build | Lumber Camp |
| 14:39 | Research | Castle Age |
| 14:53 | Research | Double-Bit Axe |
| 15:20 | Research | Horse Collar |
| 17:01 | Create | Villager (Male) |
| 17:25 | Age | Castle Age |
| 17:27 | Create | Villager (Male) |
| 17:41 | Build | Town Center |
| 17:46 | Create | Villager (Male) |
| 17:48 | Research | Bow Saw |
| 18:03 | Create | Villager (Male) |
| 18:20 | Create | Villager (Male) |
| 18:37 | Build | House |
| 18:38 | Build | House |
| 18:40 | Create | Villager (Male) |
| 18:46 | Build | Castle |
| 18:57 | Create | Villager (Male) |
| 19:02 | Create | Villager (Male) |
| 19:06 | Build | Farm |
| 19:07 | Build | Farm |
| 19:08 | Build | Farm |
| 19:10 | Create | Villager (Male) |
| 19:27 | Build | Farm |
| 19:42 | Create | Villager (Male) |
| 19:42 | Create | Villager (Male) |
| 19:46 | Build | House |
| 19:48 | Build | House |
| 19:49 | Build | House |
| 19:51 | Create | Villager (Male) |
| 19:58 | Create | Villager (Male) |
| 20:00 | Create | Camel Archer ×4 |
| 20:01 | Create | Camel Archer ×4 |
| 20:26 | Create | Villager (Male) |
| 20:30 | Build | Farm |
| 20:30 | Build | Farm |
| 20:31 | Build | Farm |
| 20:37 | Create | Villager (Male) |
| 20:43 | Build | Town Center |
| 20:47 | Create | Villager (Male) |
| 20:51 | Build | Farm |
| 20:58 | Build | House |
| 21:00 | Build | House |
| 21:08 | Build | Farm |
| 21:17 | Create | Villager (Male) |
| 21:17 | Create | Villager (Male) |
| 21:23 | Build | Farm |
| 21:24 | Create | Villager (Male) |
| 21:37 | Create | Villager (Male) |
| 21:40 | Build | Farm |
| 22:04 | Create | Villager (Male) |
| 22:04 | Create | Villager (Male) |
| 22:11 | Build | House |
| 22:13 | Build | Palisade Wall |
| 22:13 | Build | Palisade Wall |
| 22:14 | Create | Villager (Male) |
| 22:14 | Create | Villager (Male) |
| 22:42 | Create | Villager (Male) |
| 22:42 | Create | Villager (Male) |
| 22:43 | Create | Villager (Male) |
| 22:43 | Create | Villager (Male) |
| 22:50 | Build | Farm |
| 22:52 | Build | Farm |
| 22:54 | Build | Farm |
| 22:55 | Build | Farm |
| 23:40 | Create | Villager (Male) |
| 23:40 | Create | Villager (Male) |
| 23:40 | Create | Villager (Male) |
| 23:41 | Create | Villager (Male) |
| 23:46 | Build | Barracks |
| 23:50 | Create | Villager (Male) |
| 23:56 | Build | House |
| 23:58 | Build | Palisade Wall |
| 23:59 | Build | Palisade Wall |
| 23:59 | Build | Palisade Wall |
| 24:01 | Create | Villager (Male) |
| 24:01 | Create | Villager (Male) |
| 24:09 | Build | Mining Camp |
| 24:11 | Research | Gold Mining |
| 24:24 | Build | Stable |
| 24:25 | Build | Stable |
| 24:27 | Create | Villager (Male) |
| 24:31 | Research | Wheelbarrow |
| 24:32 | Create | Villager (Male) |
| 24:36 | Build | Lumber Camp |
| 24:40 | Build | Farm |
| 24:42 | Build | Farm |
| 24:52 | Research | Scale Barding Armor |
| 25:01 | Build | Farm |
| 25:01 | Create | Villager (Male) |
| 25:05 | Build | Farm |
| 25:06 | Create | Villager (Male) |
| 25:06 | Create | Villager (Male) |
| 25:11 | Build | Farm |
| 25:14 | Create | Villager (Male) |
| 25:14 | Create | Villager (Male) |
| 25:18 | Build | House |
| 25:24 | Build | Palisade Wall |
Build order — SuperNoob
First 150 of 226 actions detected
| 0:12 | Build | Town Center |
| 2:30 | Build | Palisade Wall |
| 2:32 | Build | Palisade Wall |
| 2:34 | Build | Palisade Wall |
| 2:56 | Create | Villager (Male) |
| 2:56 | Create | Villager (Male) |
| 2:56 | Create | Villager (Male) |
| 2:57 | Create | Villager (Male) |
| 2:57 | Create | Villager (Male) |
| 3:28 | Build | Dock |
| 3:34 | Research | Loom |
| 3:36 | Build | House |
| 4:13 | Build | House |
| 4:17 | Create | Villager (Male) |
| 4:17 | Create | Villager (Male) |
| 4:17 | Create | Villager (Male) |
| 4:18 | Create | Villager (Male) |
| 4:41 | Create | Villager (Male) |
| 4:41 | Create | Villager (Male) |
| 5:08 | Create | Villager (Male) |
| 5:08 | Create | Villager (Male) |
| 5:45 | Create | Villager (Male) |
| 5:46 | Create | Villager (Male) |
| 5:46 | Create | Villager (Male) |
| 6:14 | Create | Villager (Male) |
| 6:15 | Create | Villager (Male) |
| 6:15 | Create | Villager (Male) |
| 6:31 | Create | Villager (Male) |
| 6:31 | Create | Villager (Male) |
| 6:42 | Create | Fishing Ship |
| 7:07 | Create | Villager (Male) |
| 7:07 | Create | Villager (Male) |
| 7:11 | Build | House |
| 7:17 | Create | Villager (Male) |
| 7:17 | Create | Villager (Male) |
| 7:42 | Create | Villager (Male) |
| 7:42 | Create | Villager (Male) |
| 7:43 | Create | Villager (Male) |
| 8:17 | Create | Fishing Ship |
| 8:19 | Create | Villager (Male) |
| 8:19 | Create | Villager (Male) |
| 8:20 | Create | Villager (Male) |
| 8:41 | Build | House |
| 8:50 | Create | Villager (Male) |
| 8:50 | Create | Villager (Male) |
| 8:51 | Create | Villager (Male) |
| 8:51 | Create | Villager (Male) |
| 8:52 | Create | Fishing Ship |
| 8:59 | Build | House |
| 9:24 | Create | Villager (Male) |
| 9:24 | Create | Villager (Male) |
| 9:24 | Create | Villager (Male) |
| 9:27 | Create | Fishing Ship |
| 9:31 | Build | House |
| 10:04 | Create | Fishing Ship |
| 10:29 | Build | Mill |
| 10:33 | Create | Villager (Male) |
| 10:34 | Create | Villager (Male) |
| 10:37 | Create | Fishing Ship |
| 10:47 | Build | House |
| 10:50 | Create | Villager (Male) |
| 10:50 | Create | Villager (Male) |
| 10:50 | Create | Villager (Male) |
| 10:51 | Create | Villager (Male) |
| 10:51 | Create | Villager (Male) |
| 11:36 | Create | Fishing Ship |
| 11:53 | Build | Mining Camp |
| 12:03 | Create | Fishing Ship |
| 12:34 | Build | Lumber Camp |
| 12:47 | Research | Feudal Age |
| 13:13 | Create | Fishing Ship |
| 13:30 | Build | Dock |
| 13:39 | Create | Villager (Male) |
| 14:21 | Build | House |
| 14:23 | Build | House |
| 15:14 | Age | Feudal Age |
| 15:22 | Build | Blacksmith |
| 15:27 | Build | Market |
| 15:37 | Create | Fire Galley |
| 15:37 | Create | Fire Galley |
| 15:39 | Create | Unit 2626 |
| 15:40 | Create | Unit 2626 |
| 15:55 | Create | Villager (Male) |
| 15:56 | Create | Villager (Male) |
| 16:15 | Research | Castle Age |
| 16:21 | Research | Double-Bit Axe |
| 16:30 | Build | Mining Camp |
| 16:38 | Build | Mining Camp |
| 16:43 | Research | Horse Collar |
| 17:22 | Create | Villager (Male) |
| 17:45 | Build | Lumber Camp |
| 18:56 | Create | Villager (Male) |
| 19:00 | Age | Castle Age |
| 19:31 | Build | Castle |
| 19:41 | Build | Town Center |
| 19:55 | Create | Villager (Male) |
| 19:55 | Create | Villager (Male) |
| 19:56 | Create | Villager (Male) |
| 19:56 | Create | Villager (Male) |
| 19:58 | Research | Bow Saw |
| 20:00 | Research | Heavy Plow |
| 20:54 | Create | Villager (Male) |
| 20:54 | Create | Villager (Male) |
| 21:02 | Build | Town Center |
| 21:44 | Create | Villager (Male) |
| 21:45 | Create | Villager (Male) |
| 21:51 | Build | Farm |
| 21:51 | Build | Farm |
| 21:52 | Build | Farm |
| 21:52 | Build | Farm |
| 21:52 | Build | Farm |
| 21:52 | Build | Farm |
| 21:53 | Build | Farm |
| 21:53 | Build | Farm |
| 21:53 | Build | Farm |
| 22:17 | Create | Villager (Male) |
| 22:17 | Create | Villager (Male) |
| 22:17 | Create | Villager (Male) |
| 22:18 | Create | Villager (Male) |
| 22:30 | Build | Farm |
| 22:31 | Build | Farm |
| 22:31 | Build | Farm |
| 22:31 | Build | Farm |
| 22:31 | Build | Farm |
| 22:32 | Build | Farm |
| 22:32 | Build | Farm |
| 22:39 | Build | Farm |
| 22:47 | Create | Villager (Male) |
| 22:48 | Create | Villager (Male) |
| 22:51 | Create | Villager (Male) |
| 22:59 | Build | Farm |
| 23:09 | Create | Villager (Male) |
| 23:09 | Create | Villager (Male) |
| 23:10 | Create | Villager (Male) |
| 23:23 | Create | Villager (Male) |
| 23:24 | Create | Villager (Male) |
| 23:24 | Create | Villager (Male) |
| 23:35 | Create | Villager (Male) |
| 23:35 | Create | Villager (Male) |
| 23:38 | Create | Villager (Male) |
| 23:48 | Create | Villager (Male) |
| 23:48 | Create | Villager (Male) |
| 23:48 | Create | Villager (Male) |
| 23:55 | Create | War Wagon |
| 23:55 | Create | War Wagon |
| 23:56 | Create | War Wagon |
| 23:56 | Create | War Wagon |
| 24:04 | Create | Villager (Male) |
| 24:04 | Create | Villager (Male) |
| 24:04 | Create | Villager (Male) |
Build order — [DSbZ]Querkraft
131 actions detected in the replay
| 0:20 | Build | Town Center |
| 1:14 | Build | Dock |
| 1:18 | Build | House |
| 2:52 | Create | Villager (Male) |
| 2:53 | Create | Villager (Male) |
| 2:53 | Create | Villager (Male) |
| 2:53 | Create | Villager (Male) |
| 2:54 | Create | Villager (Male) |
| 4:13 | Create | Fishing Ship |
| 4:26 | Create | Villager (Male) |
| 4:27 | Create | Villager (Male) |
| 4:54 | Build | House |
| 4:58 | Create | Villager (Male) |
| 5:27 | Research | Loom |
| 5:45 | Create | Villager (Male) |
| 6:10 | Create | Villager (Male) |
| 6:12 | Create | Fishing Ship |
| 6:45 | Build | House |
| 7:00 | Create | Villager (Male) |
| 7:28 | Create | Villager (Male) |
| 7:28 | Create | Villager (Male) |
| 7:29 | Create | Fishing Ship |
| 7:53 | Create | Villager (Male) |
| 7:55 | Create | Fishing Ship |
| 8:28 | Create | Villager (Male) |
| 8:40 | Create | Fishing Ship |
| 8:47 | Build | House |
| 8:48 | Build | House |
| 9:08 | Create | Villager (Male) |
| 9:10 | Create | Villager (Male) |
| 9:30 | Build | Lumber Camp |
| 10:02 | Build | House |
| 10:06 | Create | Fishing Ship |
| 10:17 | Create | Villager (Male) |
| 10:17 | Create | Villager (Male) |
| 10:23 | Build | House |
| 11:20 | Create | Villager (Male) |
| 11:21 | Create | Fishing Ship |
| 11:38 | Research | Feudal Age |
| 12:05 | Create | Fishing Ship |
| 12:18 | Build | Mining Camp |
| 13:37 | Build | Mill |
| 13:55 | Age | Feudal Age |
| 13:58 | Create | Unit 2626 |
| 14:01 | Create | Villager (Male) |
| 14:10 | Build | Blacksmith |
| 14:21 | Create | Villager (Male) |
| 14:22 | Create | Villager (Male) |
| 14:34 | Build | Barracks |
| 14:43 | Create | Villager (Male) |
| 15:13 | Create | Villager (Male) |
| 15:41 | Create | Villager (Male) |
| 15:53 | Build | Archery Range |
| 16:22 | Research | Wheelbarrow |
| 16:33 | Build | House |
| 16:35 | Build | House |
| 16:36 | Build | House |
| 17:10 | Research | Castle Age |
| 17:19 | Research | Stone Mining |
| 17:48 | Create | Archer |
| 17:49 | Create | Archer |
| 17:49 | Create | Archer |
| 17:49 | Create | Archer |
| 17:57 | Research | Gold Mining |
| 18:11 | Research | Double-Bit Axe |
| 18:42 | Create | Archer |
| 19:20 | Create | Archer |
| 19:28 | Build | Archery Range |
| 19:32 | Research | Fletching |
| 19:39 | Create | Archer |
| 19:43 | Create | Villager (Male) |
| 20:17 | Age | Castle Age |
| 20:22 | Build | Castle |
| 20:26 | Create | Villager (Male) |
| 20:26 | Create | Villager (Male) |
| 20:38 | Build | Archery Range |
| 20:42 | Create | Villager (Male) |
| 20:42 | Create | Villager (Male) |
| 21:04 | Research | Crossbowman (upgrade) |
| 21:09 | Create | Archer |
| 21:09 | Create | Archer |
| 21:25 | Create | Archer |
| 21:25 | Create | Archer |
| 21:38 | Build | Mill |
| 22:04 | Create | Archer ×2 |
| 22:10 | Build | Mining Camp |
| 22:15 | Create | Villager (Male) |
| 22:15 | Create | Villager (Male) |
| 22:50 | Create | Archer |
| 22:51 | Create | Archer |
| 22:51 | Create | Archer |
| 23:06 | Create | Villager (Male) |
| 23:16 | Research | Bodkin Arrow |
| 23:28 | Build | Mining Camp |
| 23:38 | Create | Villager (Male) |
| 23:38 | Create | Villager (Male) |
| 24:01 | Create | Archer |
| 24:02 | Create | Archer |
| 24:02 | Create | Archer |
| 24:36 | Build | Siege Workshop |
| 24:36 | Build | Siege Workshop |
| 25:10 | Create | Battering Ram |
| 25:10 | Create | Battering Ram |
| 25:10 | Create | Battering Ram |
| 25:25 | Create | Villager (Male) |
| 25:25 | Create | Villager (Male) |
| 25:25 | Create | Villager (Male) |
| 25:54 | Create | War Wagon |
| 25:54 | Create | War Wagon |
| 25:56 | Create | Villager (Male) |
| 25:56 | Create | Villager (Male) |
| 25:56 | Create | Villager (Male) |
| 25:57 | Create | Villager (Male) |
| 26:19 | Create | War Wagon |
| 26:44 | Build | Castle |
| 27:14 | Create | War Wagon |
| 27:15 | Create | War Wagon |
| 27:44 | Create | Villager (Male) |
| 27:45 | Create | Villager (Male) |
| 27:45 | Create | Villager (Male) |
| 27:49 | Create | Archer ×5 |
| 28:02 | Create | War Wagon |
| 28:02 | Create | War Wagon |
| 28:03 | Create | Villager (Male) |
| 28:04 | Create | Villager (Male) |
| 28:04 | Create | Villager (Male) |
| 28:04 | Create | Villager (Male) |
| 28:05 | Create | Villager (Male) |
| 28:35 | Create | Villager (Male) |
| 28:40 | Create | War Wagon |
| 28:40 | Create | War Wagon |
Build order — zzzzzz
First 150 of 204 actions detected
| 0:04 | Build | Town Center |
| 0:45 | Build | Dock |
| 0:46 | Build | House |
| 2:25 | Create | Villager (Male) |
| 2:25 | Create | Villager (Male) |
| 2:26 | Create | Villager (Male) |
| 2:26 | Create | Villager (Male) |
| 3:37 | Create | Fishing Ship |
| 3:37 | Create | Fishing Ship |
| 3:50 | Create | Villager (Male) |
| 4:14 | Build | House |
| 4:33 | Create | Villager (Male) |
| 4:33 | Create | Villager (Male) |
| 5:06 | Create | Villager (Male) |
| 5:07 | Create | Villager (Male) |
| 5:07 | Create | Fishing Ship |
| 5:47 | Create | Villager (Male) |
| 5:52 | Build | House |
| 6:13 | Create | Villager (Male) |
| 6:13 | Create | Villager (Male) |
| 6:28 | Create | Fishing Ship |
| 6:41 | Create | Villager (Male) |
| 6:42 | Create | Villager (Male) |
| 6:42 | Create | Villager (Male) |
| 7:00 | Create | Villager (Male) |
| 7:17 | Create | Villager (Male) |
| 7:23 | Build | House |
| 7:30 | Create | Villager (Male) |
| 7:37 | Create | Villager (Male) |
| 7:49 | Create | Villager (Male) |
| 8:01 | Create | Villager (Male) |
| 8:20 | Create | Fishing Ship |
| 8:44 | Build | Mill |
| 8:49 | Create | Fishing Ship |
| 9:09 | Build | House |
| 9:12 | Build | House |
| 9:15 | Create | Villager (Male) |
| 9:30 | Create | Villager (Male) |
| 9:31 | Create | Fishing Ship |
| 10:13 | Research | Loom |
| 10:23 | Research | Feudal Age |
| 10:23 | Research | Feudal Age |
| 10:54 | Build | Dock |
| 10:56 | Build | House |
| 11:03 | Create | Villager (Male) |
| 11:27 | Create | Fishing Ship |
| 11:41 | Build | Barracks |
| 11:57 | Create | Villager (Male) |
| 11:59 | Build | Mining Camp |
| 12:36 | Age | Feudal Age |
| 12:38 | Build | Archery Range |
| 12:39 | Create | Villager (Male) |
| 12:51 | Create | Villager (Male) |
| 12:58 | Research | Loom |
| 12:58 | Research | Town Watch |
| 13:05 | Create | Villager (Male) |
| 13:09 | Create | Villager (Male) |
| 13:15 | Build | Blacksmith |
| 13:17 | Create | Villager (Male) |
| 13:20 | Build | Outpost |
| 13:24 | Build | House |
| 13:27 | Create | Villager (Male) |
| 13:51 | Build | Lumber Camp |
| 13:52 | Create | Villager (Male) |
| 14:00 | Research | Town Watch |
| 14:05 | Create | Archer |
| 14:06 | Create | Archer |
| 14:10 | Create | Villager (Male) |
| 14:17 | Research | Horse Collar |
| 15:08 | Research | Castle Age |
| 15:11 | Create | Archer |
| 15:11 | Create | Archer |
| 15:29 | Build | Archery Range |
| 15:36 | Build | Outpost |
| 15:43 | Create | Archer |
| 15:43 | Create | Archer |
| 16:01 | Research | Fletching |
| 16:11 | Research | Gold Mining |
| 16:11 | Research | Gold Mining |
| 16:16 | Create | Fishing Ship |
| 16:16 | Create | Fishing Ship |
| 16:34 | Create | Archer |
| 16:36 | Build | House |
| 16:36 | Build | House |
| 16:50 | Create | Villager (Male) |
| 17:03 | Research | Padded Archer Armor |
| 17:05 | Create | Archer |
| 17:19 | Build | Fish Trap |
| 17:23 | Build | Fish Trap |
| 17:23 | Build | Fish Trap |
| 17:29 | Create | Villager (Male) |
| 17:33 | Research | Double-Bit Axe |
| 17:38 | Create | Archer |
| 17:38 | Create | Archer |
| 17:38 | Create | Archer |
| 17:44 | Create | Villager (Male) |
| 17:44 | Create | Villager (Male) |
| 17:48 | Age | Castle Age |
| 18:03 | Create | Archer |
| 18:06 | Create | Villager (Male) |
| 18:24 | Create | Villager (Male) |
| 18:24 | Create | Villager (Male) |
| 18:37 | Research | Crossbowman (upgrade) |
| 18:48 | Create | Villager (Male) |
| 18:54 | Build | Mining Camp |
| 18:59 | Create | Archer |
| 19:00 | Create | Archer |
| 19:03 | Create | Archer |
| 19:11 | Create | Villager (Male) |
| 19:11 | Create | Villager (Male) |
| 19:17 | Build | Outpost |
| 19:19 | Create | Villager (Male) |
| 19:19 | Create | Villager (Male) |
| 19:25 | Build | Town Center |
| 19:30 | Create | Archer |
| 19:30 | Create | Archer |
| 19:45 | Build | Lumber Camp |
| 19:50 | Create | Villager (Male) |
| 20:02 | Create | Villager (Male) |
| 20:05 | Create | Fishing Ship |
| 20:29 | Build | House |
| 20:30 | Build | House |
| 20:32 | Build | Palisade Wall |
| 20:44 | Build | Palisade Wall |
| 21:37 | Build | House |
| 21:39 | Build | Palisade Wall |
| 21:44 | Create | Archer |
| 21:44 | Create | Archer |
| 21:44 | Research | Thumb Ring |
| 21:48 | Create | Villager (Male) |
| 21:48 | Create | Villager (Male) |
| 21:54 | Build | Palisade Wall |
| 21:58 | Create | Archer |
| 21:58 | Create | Archer |
| 22:11 | Create | Villager (Male) |
| 22:11 | Create | Villager (Male) |
| 22:13 | Build | Farm |
| 22:14 | Build | Farm |
| 22:14 | Build | Farm |
| 22:19 | Create | Fishing Ship |
| 22:20 | Create | Fishing Ship |
| 22:44 | Create | Villager (Male) |
| 22:46 | Create | Villager (Male) |
| 22:53 | Create | Fishing Ship |
| 22:56 | Build | Fish Trap |
| 22:56 | Build | Fish Trap |
| 22:58 | Create | Fishing Ship |
| 23:03 | Create | Fishing Ship |
| 23:03 | Create | Fishing Ship |
| 23:20 | Create | Skirmisher |
Build order — F5B
59 actions detected in the replay
| 0:26 | Build | Town Center |
| 1:02 | Build | House |
| 1:24 | Build | Dock |
| 3:04 | Create | Villager (Male) |
| 3:05 | Create | Villager (Male) |
| 3:05 | Create | Villager (Male) |
| 3:05 | Create | Villager (Male) |
| 4:18 | Create | Fishing Ship |
| 4:29 | Research | Loom |
| 5:10 | Build | House |
| 5:20 | Create | Fishing Ship |
| 6:03 | Create | Villager (Male) |
| 6:03 | Create | Villager (Male) |
| 6:22 | Create | Villager (Male) |
| 6:22 | Create | Villager (Male) |
| 6:37 | Create | Villager (Male) |
| 7:08 | Create | Villager (Male) |
| 7:09 | Create | Villager (Male) |
| 7:09 | Create | Villager (Male) |
| 7:19 | Build | House |
| 7:27 | Create | Villager (Male) |
| 8:00 | Create | Fishing Ship |
| 8:24 | Create | Villager (Male) |
| 9:05 | Create | Villager (Male) |
| 9:05 | Create | Villager (Male) |
| 9:06 | Create | Villager (Male) |
| 9:06 | Create | Villager (Male) |
| 9:13 | Build | House |
| 10:16 | Create | Villager (Male) |
| 10:29 | Build | Mining Camp |
| 10:37 | Build | Mining Camp |
| 10:42 | Create | Villager (Male) |
| 11:00 | Build | Mill |
| 11:14 | Create | Villager (Male) |
| 11:15 | Create | Villager (Male) |
| 11:21 | Build | House |
| 12:05 | Create | Villager (Male) |
| 12:06 | Create | Villager (Male) |
| 12:56 | Create | Villager (Male) |
| 13:23 | Research | Feudal Age |
| 14:06 | Create | Villager (Male) |
| 14:07 | Create | Villager (Male) |
| 14:29 | Build | House |
| 15:15 | Build | Barracks |
| 15:33 | Age | Feudal Age |
| 15:38 | Build | Market |
| 16:01 | Build | Stable |
| 16:56 | Research | Castle Age |
| 17:03 | Build | Blacksmith |
| 18:01 | Build | Mill |
| 18:55 | Build | Lumber Camp |
| 19:09 | Research | Double-Bit Axe |
| 19:21 | Create | Villager (Male) |
| 19:21 | Create | Villager (Male) |
| 19:36 | Age | Castle Age |
| 19:50 | Create | Villager (Male) |
| 19:50 | Create | Villager (Male) |
| 19:50 | Create | Villager (Male) |
| 20:17 | Build | Castle |
Build order — NEO
134 actions detected in the replay
| 0:27 | Build | Town Center |
| 0:34 | Build | Dock |
| 1:31 | Build | House |
| 2:57 | Create | Villager (Male) |
| 2:57 | Create | Villager (Male) |
| 2:57 | Create | Villager (Male) |
| 2:57 | Create | Villager (Male) |
| 3:56 | Create | Villager (Male) |
| 3:57 | Create | Villager (Male) |
| 4:37 | Create | Fishing Ship |
| 5:00 | Research | Loom |
| 5:02 | Create | Fishing Ship |
| 5:37 | Create | Villager (Male) |
| 5:37 | Create | Villager (Male) |
| 5:43 | Build | House |
| 6:16 | Create | Villager (Male) |
| 6:20 | Create | Fishing Ship |
| 6:26 | Build | House |
| 6:42 | Create | Villager (Male) |
| 7:07 | Create | Villager (Male) |
| 7:25 | Create | Villager (Male) |
| 7:27 | Create | Fishing Ship |
| 7:47 | Create | Villager (Male) |
| 8:14 | Create | Villager (Male) |
| 8:30 | Create | Fishing Ship |
| 8:36 | Build | House |
| 8:37 | Build | House |
| 8:50 | Create | Villager (Male) |
| 9:14 | Build | Mill |
| 9:16 | Create | Villager (Male) |
| 9:50 | Create | Villager (Male) |
| 10:07 | Create | Villager (Male) |
| 10:24 | Create | Villager (Male) |
| 10:42 | Build | Dock |
| 10:55 | Create | Villager (Male) |
| 11:05 | Create | Fishing Ship |
| 11:06 | Create | Fishing Ship |
| 11:20 | Create | Fishing Ship |
| 11:32 | Research | Feudal Age |
| 11:46 | Create | Fishing Ship |
| 11:56 | Create | Fishing Ship |
| 11:56 | Create | Fishing Ship |
| 12:42 | Build | House |
| 12:43 | Build | House |
| 12:46 | Build | House |
| 13:06 | Build | Mining Camp |
| 13:31 | Create | Villager (Male) |
| 13:46 | Age | Feudal Age |
| 13:57 | Build | Market |
| 14:04 | Build | Blacksmith |
| 14:12 | Create | Villager (Male) |
| 14:20 | Create | Villager (Male) |
| 15:08 | Research | Castle Age |
| 15:28 | Build | House |
| 15:30 | Build | House |
| 15:32 | Build | House |
| 15:35 | Build | House |
| 15:40 | Build | House |
| 15:43 | Build | House |
| 15:49 | Build | House |
| 15:54 | Create | Villager (Male) |
| 16:13 | Build | House |
| 17:48 | Age | Castle Age |
| 17:50 | Build | Castle |
| 17:56 | Create | Villager (Male) |
| 18:50 | Build | Town Center |
| 19:00 | Create | Genoese Crossbowman |
| 19:00 | Create | Genoese Crossbowman |
| 19:00 | Create | Genoese Crossbowman |
| 19:11 | Research | Fletching |
| 19:44 | Create | Villager (Male) |
| 19:44 | Create | Villager (Male) |
| 20:05 | Create | Villager (Male) |
| 20:23 | Build | Siege Workshop |
| 20:30 | Create | Villager (Male) |
| 20:46 | Create | Villager (Male) |
| 20:46 | Create | Villager (Male) |
| 21:31 | Create | Battering Ram |
| 21:57 | Create | Villager (Male) |
| 21:57 | Create | Villager (Male) |
| 22:31 | Build | Farm |
| 22:31 | Build | Farm |
| 22:32 | Build | Farm |
| 22:32 | Build | Farm |
| 23:00 | Create | Battering Ram |
| 23:00 | Create | Battering Ram |
| 23:01 | Create | Villager (Male) |
| 23:07 | Create | Villager (Male) |
| 23:22 | Build | Mill |
| 23:59 | Create | Villager (Male) |
| 24:03 | Create | Villager (Male) |
| 24:11 | Create | Villager (Male) |
| 24:20 | Create | Villager (Male) |
| 24:37 | Create | Villager (Male) |
| 24:37 | Create | Villager (Male) |
| 24:46 | Build | Farm |
| 24:46 | Build | Farm |
| 24:52 | Build | Lumber Camp |
| 24:55 | Create | Villager (Male) |
| 25:15 | Create | Villager (Male) |
| 25:16 | Create | Villager (Male) |
| 25:22 | Create | Mangonel |
| 25:32 | Research | Double-Bit Axe |
| 25:58 | Create | Villager (Male) |
| 26:02 | Create | Villager (Male) |
| 26:20 | Create | Villager (Male) |
| 26:20 | Create | Villager (Male) |
| 26:58 | Create | Villager (Male) |
| 26:58 | Create | Villager (Male) |
| 27:07 | Create | Villager (Male) |
| 27:12 | Build | House |
| 27:17 | Build | Palisade Wall |
| 27:21 | Build | Palisade Wall |
| 27:24 | Build | House |
| 27:26 | Build | House |
| 27:39 | Create | Villager (Male) |
| 27:56 | Create | Villager (Male) |
| 27:56 | Create | Villager (Male) |
| 28:04 | Build | Farm |
| 28:05 | Build | Farm |
| 28:05 | Build | Farm |
| 28:05 | Build | Farm |
| 28:05 | Build | Farm |
| 28:06 | Build | Farm |
| 28:06 | Build | Farm |
| 28:06 | Build | Farm |
| 28:06 | Build | Farm |
| 28:07 | Build | Farm |
| 28:24 | Create | Villager (Male) |
| 28:24 | Create | Villager (Male) |
| 28:40 | Build | Castle |
| 29:07 | Create | Villager (Male) |
| 29:07 | Create | Villager (Male) |
| 29:07 | Create | Villager (Male) |
Match timeline
| 0:34 | NEO · first_building Dock |
| 0:45 | zzzzzz · first_building Dock |
| 0:53 | RagnarLothbrok · first_building Dock |
| 1:14 | [DSbZ]Querkraft · first_building Dock |
| 1:24 | F5B · first_building Dock |
| 2:16 | HappyHalb · first_building Dock |
| 2:30 | SuperNoob · wall_segment Palisade Wall x1 |
| 2:32 | SuperNoob · wall_segment Palisade Wall x1 |
| 2:34 | SuperNoob · wall_segment Palisade Wall x1 |
| 3:18 | RagnarLothbrok · wall_segment Palisade Wall x1 |
| 3:28 | SuperNoob · first_building Dock |
| 3:30 | RagnarLothbrok · wall_segment Palisade Wall x1 |
| 3:33 | RagnarLothbrok · wall_segment Palisade Wall x1 |
| 3:37 | RagnarLothbrok · wall_segment Palisade Wall x1 |
| 3:55 | RagnarLothbrok · wall_segment Palisade Wall x1 |
| 3:59 | RagnarLothbrok · wall_segment Palisade Wall x1 |
| 4:12 | RagnarLothbrok · wall_segment Palisade Wall x1 |
| 11:41 | zzzzzz · first_building Barracks |
| 12:36 | zzzzzz · age_up feudal |
| 12:38 | zzzzzz · first_building Archery Range |
| 13:30 | HappyHalb · age_up feudal |
| 13:46 | NEO · age_up feudal |
| 13:55 | [DSbZ]Querkraft · age_up feudal |
| 14:34 | RagnarLothbrok · age_up feudal |
| 14:34 | [DSbZ]Querkraft · first_building Barracks |
| 15:00 | RagnarLothbrok · wall_segment Palisade Wall x1 |
| 15:02 | NEO · first_market_buy 100 food |
| 15:03 | NEO · first_market_sell 100 wood |
| 15:04 | rikardo_latino · age_up feudal |
| 15:14 | SuperNoob · age_up feudal |
| 15:15 | F5B · first_building Barracks |
| 15:33 | F5B · age_up feudal |
| 15:51 | RagnarLothbrok · first_market_sell 100 wood |
| 15:53 | [DSbZ]Querkraft · first_building Archery Range |
| 16:01 | F5B · first_building Stable |
| 16:05 | RagnarLothbrok · wall_segment Palisade Wall x5 |
| 16:21 | RagnarLothbrok · wall_segment Palisade Wall x1 |
| 16:46 | F5B · first_market_buy 100 food |
| 17:06 | rikardo_latino · first_building Donjon |
| 17:25 | HappyHalb · age_up castle |
| 17:48 | zzzzzz · age_up castle |
| 17:48 | NEO · age_up castle |
| 17:50 | NEO · first_building Castle |
| 18:41 | RagnarLothbrok · age_up castle |
| 18:46 | HappyHalb · first_building Castle |
| 19:00 | SuperNoob · age_up castle |
| 19:31 | SuperNoob · first_building Castle |
| 19:36 | F5B · age_up castle |
| 20:17 | F5B · first_building Castle |
| 20:17 | [DSbZ]Querkraft · age_up castle |
| 20:22 | [DSbZ]Querkraft · first_building Castle |
| 20:23 | NEO · first_building Siege Workshop |
| 20:32 | zzzzzz · wall_segment Palisade Wall x1 |
| 20:32 | RagnarLothbrok · first_building Castle |
| 20:44 | zzzzzz · wall_segment Palisade Wall x1 |
| 21:39 | zzzzzz · wall_segment Palisade Wall x5 |
| 21:41 | F5B · resign |
| 21:54 | zzzzzz · wall_segment Palisade Wall x3 |
| 22:13 | HappyHalb · wall_segment Palisade Wall x1 |
| 22:13 | HappyHalb · wall_segment Palisade Wall x1 |
| 22:13 | SuperNoob · first_market_buy 100 food |
| 23:30 | RagnarLothbrok · first_building Barracks |
| 23:46 | HappyHalb · first_building Barracks |
| 23:58 | HappyHalb · wall_segment Palisade Wall x1 |
| 23:59 | HappyHalb · wall_segment Palisade Wall x2 |
| 23:59 | HappyHalb · wall_segment Palisade Wall x1 |
| 24:18 | RagnarLothbrok · first_market_buy 100 wood |
| 24:24 | HappyHalb · first_building Stable |
| 24:28 | RagnarLothbrok · first_building Stable |
| 24:36 | [DSbZ]Querkraft · first_building Siege Workshop |
| 25:24 | HappyHalb · wall_segment Palisade Wall x1 |
| 26:50 | zzzzzz · first_building Siege Workshop |
| 27:17 | NEO · wall_segment Palisade Wall x1 |
| 27:21 | NEO · wall_segment Palisade Wall x1 |
| 28:09 | SuperNoob · first_building Barracks |
| 29:07 | SuperNoob · first_building Stable |
[ AI ANALYSIS · 1 CREDIT ]
What really happened in this match?
Wolo.gg analyzes every decision: build order, eco, micro, common mistakes by bracket. Personalized analysis on WhatsApp or Discord in 30 seconds.
Civ guide
Sicilians
Perfil
rikardo_latino